 Dungeon Crawl Stone Soup version 0.29-a0-721-g7f417c9bbb (webtiles) character file.

Game seed: 931750804674633315

3 cojito the Cudgeller (level 1, -2/14 HPs)
             Began as a Meteoran Wanderer on June 28, 2022.
             Slain by a quokka (4 damage)
             ... on level 1 of the Dungeon.
             The game lasted 00:01:18 (322 turns).

cojito the Cudgeller (Meteoran Wanderer)             Turns: 322, Time: 00:01:19

Health: -2/14      AC:  2    Str: 12    XL:     1   Next: 71%
Magic:  0/4        EV: 11    Int: 16    God:
Gold:   17         SH:  0    Dex: 11    Spells: 2/3 levels left

rFire   . . .      SeeInvis .   a - +2 mace
rCold   . . .      Faith    .   (no shield)
rNeg    . . .      Spirit   .   d - +0 robe
rPois   .          Reflect  .   (no helmet)
rElec   .          Harm     .   (no cloak)
rCorr   .          Rampage  .   (no gloves)
Will    .....                   (no boots)
Stlth   +.........              (no amulet)
HPRegen 0.04/turn               (no ring)
MPRegen 0.09/turn               (no ring)

@: very slightly contaminated, glowing
A: sense surroundings 1, otherworldly, glowing, explore regen
a: no special abilities


You were on level 1 of the Dungeon.
You visited 1 branch of the dungeon, and saw 1 of its levels.

You collected 17 gold pieces.

Inventory:

Hand Weapons
 a - a +2 mace (weapon)
Armour
 d - a +0 robe (worn)
Scrolls
 c - a scroll of fear
Miscellaneous
 b - a piece from Xom's chessboard (14/15)


   Skills:
 + Level 5.4 Maces & Flails
 - Level 1.2 Armour
 + Level 1.6 Spellcasting
 + Level 1.4 Fire Magic
 - Level 1.2 Invocations
 - Level 2.4 Evocations


You had 2 spell levels left.
You knew the following spells:

 Your Spells              Type           Power      Damage    Failure   Level
a - Foxfire               Conj/Fire      12%        2x1d4     16%         1

Your spell library contained the following spells:

 Spells                   Type           Power      Damage    Failure   Level
 Ignite Poison            Fire/Tmut/Pois 2%         N/A       47%         3


Dungeon Overview and Level Annotations

Branches:
Dungeon (1/15) Zot: 275

Altars:


Innate Abilities, Weirdness & Mutations

You passively map a small area around you.
You are easily found by Zot.
You glow in the dark.
You regain HP and MP as you explore.


Message History

The ball python is heavily wounded.
The ball python bites you. The ball python grabs you.
The ball python constricts you.
Casting: Foxfire (safe; 16% risk of failure)
Confirm with . or Enter, or press ? or * to list all spells.
You conjure some foxfire!
The ball python closely misses you. The ball python constricts you.
The foxfire hits the quokka.
The quokka is moderately wounded.
You barely miss the ball python.
The ball python is heavily wounded.
The ball python bites you. The ball python constricts you.
The ball python bites you but does no damage.
The ball python constricts you.
You escape the ball python's grasp.
Your foxfire dissipates!
The quokka closely misses you.
Casting: Foxfire (safe; 16% risk of failure)
Confirm with . or Enter, or press ? or * to list all spells.
You miscast Foxfire.
You are very lightly contaminated with residual magic.
Nothing appears to happen.
The quokka bites you but does no damage.
The quokka attacks as you move away! The quokka barely misses you.
Casting: Foxfire (safe; 16% risk of failure)
Confirm with . or Enter, or press ? or * to list all spells.
You conjure some foxfire!
The quokka bites you but does no damage.
Your foxfire dissipates!
A giant cockroach comes into view.
The foxfire hits the quokka.
The quokka is moderately wounded.
Casting: Foxfire (safe; 16% risk of failure)
Confirm with . or Enter, or press ? or * to list all spells.
You don't have enough magic to cast this spell.
Unknown command.
You make a move on Xom's chessboard...
The giant cockroach twists and deforms.
The quokka bites you.
* * * LOW HITPOINT WARNING * * *
The quokka bites you.
You die...

** #.#.# #.....> *
*#.#.## ##.###.# , , .##
*#..#.## ##...##.# *
.....##.###.#####.#.#.#.#
, #.....#...............
, #.####.#######.#.#.#..
, #, #S# ##...##..
###.####r# ##..##..
.....B.@§# ##.#### ,
###.###### ### , * * * *,
♣♣♣ , ** * ♣♣♣♣♣♣.♣
♣..♣♣♣...♣.♣.


You could see a quokka, a giant cockroach (misshapen) and a ball python.

Vanquished Creatures
  A ball python (D:1)
  A bat (D:1)
  A frilled lizard (D:1)
  A goblin (D:1)
4 creatures vanquished.

Vanquished Creatures (others)
  10 foxfires (D:1)
10 creatures vanquished.

Grand Total: 14 creatures vanquished

Notes
Turn   | Place    | Note
-------+----------+-------------------------------------------
     0 | D:1      | cojito the Meteoran Wanderer began the quest for the Orb.
     0 | D:1      | cojito set off with the following items: a +2 mace, a piece
                  | from Xom's chessboard (15/15), a scroll of fear, a +0 robe;
                  | and the following spell memorised: Foxfire; and the
                  | following spells available to memorise: Ignite Poison.
     0 | D:1      | Reached XP level 1. HP: 14/14 MP: 3/3
   322 | D:1      | Slain by a quokka

Illustrated notes

Levels and vault maps discovered:
D:1:      roderic_dead_forest, layout_loops_ring,
          dilly_ecumenical_altar_fadedgnrine, minmay_box_of_dots

Action                   || total
-------------------------++-------
Melee: Mace              ||    10
 Cast: Foxfire           ||     9
Evoke: Piece from Xom's  ||     1
Armor: Robe              ||     4
Dodge: Dodged            ||     9

Table legend: (Time is in decaauts)
 A = Elapsed time spent in this place.
 B = Non-inter-level travel time spent in this place.
 C = Inter-level travel time spent in this place.
 D = Time resting spent in this place.
 E = Time spent auto-exploring this place.
 F = Levels seen in this place.
 G = Mean time per level.
                   A        B        C        D        E       F      G
               +--------+--------+--------+--------+--------+-----+--------+
         Total |    323 |    323 |      0 |    197 |     83 |   1 |  323.0 |
       Dungeon |    323 |    323 |      0 |    197 |     83 |   1 |  323.0 |
               +--------+--------+--------+--------+--------+-----+--------+

Top non-repeatable levels by time:
     D:1: 323 daAuts
